 Dungeon Crawl Stone Soup version 0.21.1-1-g345015f (webtiles) character file.

210 gerrrit the Covered (level 6, -7/42 HPs)
             Began as a Halfling Fighter on Apr 2, 2018.
             Mangled by Curus's ghost (13 damage)
             ... on level 4 of the Dungeon.
             The game lasted 00:15:49 (3557 turns).

gerrrit the Covered (Halfling Fighter)              Turns: 3557, Time: 00:15:53

Health: -7/42      AC:  7    Str: 19    XL:     6   Next: 12%
Magic:  6/6        EV:  9    Int:  6    God:
Gold:   172        SH: 10    Dex: 14    Spells: 5/5 levels left

rFire    . . .     SeeInvis .   a - +2 war axe
rCold    . . .     Gourm    .   c - +0 shield
rNeg     . . .     Faith    .   b - +0 scale mail
rPois    .         Spirit   .   (no helmet)
rElec    .         Reflect  .   m - scarf {cloud immunity}
rCorr    .         Harm     .   (no gloves)
MR       .....                  (no boots)
Stlth    ..........             (no amulet)
HPRegen  0.14/turn              (no ring)
MPRegen  0.10/turn              (no ring)

@: no status effects
A: small, mutation resistance 1
a: no special abilities


You were on level 4 of the Dungeon.
You were not hungry.

You visited 1 branch of the dungeon, and saw 4 of its levels.

You collected 172 gold pieces.

Inventory:

Hand Weapons
 a - a +2 war axe (weapon)
 p - a +2 dagger of venom
Armour
 b - a +0 scale mail (worn)
 c - a +0 shield (worn)
 h - a +0 leather armour
 m - a scarf of cloud immunity (worn)
 n - a +1 hat
 o - a +0 pair of boots
Scrolls
 e - 2 scrolls of teleportation
 l - a scroll of immolation
Potions
 d - 2 potions of might
 f - 2 potions of lignification {unknown}
 g - 2 potions of resistance
 i - a potion of ambrosia {unknown}
 j - a potion of degeneration {unknown}
Comestibles
 k - 3 rations


   Skills:
 + Level 3.4 Fighting
 + Level 3.9 Axes
 + Level 4.4 Armour
 + Level 0.4 Dodging
 + Level 0.1 Stealth
 + Level 4.1 Shields


You had 5 spell levels left.
You didn't know any spells.

Dungeon Overview and Level Annotations

Branches:
Dungeon (4/15)
 Temple: D:4-7

Altars:
Elyvilon
Fedhas
Qazlal
Vehumet

Annotations:
D:4 Curus's ghost, amateur HOBe


Innate Abilities, Weirdness & Mutations

You are small and have problems with some larger weapons.
You are somewhat resistant to further mutation.


Message History

You hit Curus's ghost.
Curus's ghost is moderately damaged.
You block Curus's ghost's attack.
You slash Curus's ghost!
Curus's ghost is moderately damaged.
Curus's ghost barely misses you.
Curus's ghost hits you but does no damage.
Your scale mail prevents you from hitting Curus's ghost.
Curus's ghost is moderately damaged.
Curus's ghost hits you!
You hit Curus's ghost but do no damage.
Curus's ghost is moderately damaged.
You block Curus's ghost's attack.
You closely miss Curus's ghost.
Curus's ghost is moderately damaged.
Curus's ghost hits you!
* * * LOW HITPOINT WARNING * * *
Curus's ghost ripples.
Curus's ghost hits you!
You die...

.. #...
####...#
####.†..# #
#....#
#...#.$@##
#.)....W..#
...........#
...........#
.............
#.........####
##.....%.##
####.#### #.


You could see Curus's ghost.

Vanquished Creatures
  A howler monkey (D:4)
  Natasha (D:2)
  A worker ant (D:4)
  3 gnolls (D:2)
  2 adders (D:3)
  2 oozes
  A worm (D:2)
  A dart slug (D:2)
  A leopard gecko (D:3)
  5 orcs (D:3)
  8 bats
  3 giant cockroaches
  4 goblins
  6 hobgoblins
  A jackal (D:1)
  A quokka (D:3)
  3 ball pythons
  6 frilled lizards
  8 kobolds
  5 rats
63 creatures vanquished.

Notes
Turn   | Place    | Note
-------+----------+-------------------------------------------
     0 | D:1      | gerrrit the Halfling Fighter began the quest for the Orb.
     0 | D:1      | Reached XP level 1. HP: 15/15 MP: 1/1
   284 | D:1      | Reached XP level 2. HP: 9/20 MP: 2/2
   953 | D:1      | Reached XP level 3. HP: 26/26 MP: 3/3
  1593 | D:2      | Reached XP level 4. HP: 22/31 MP: 4/4
  1881 | D:2      | Found a white marble altar of Elyvilon.
  1884 | D:2      | Found a blossoming altar of Fedhas.
  1884 | D:2      | Noticed Natasha
  1885 | D:2      | Found a stormy altar of Qazlal.
  1885 | D:2      | Found a radiant altar of Vehumet.
  1902 | D:2      | Killed Natasha
  1911 | D:2      | Reached XP level 5. HP: 28/36 MP: 5/5
  2330 | D:3      | HP: 1/36 [poisoned by an adder]
  3465 | D:4      | Reached XP level 6. HP: 30/42 MP: 6/6
  3468 | D:4      | Noticed Curus's ghost (amateur HOBe)
  3557 | D:4      | Mangled by Curus's ghost

Skill      XL: |  1  2  3  4  5 |
---------------+----------------+-----
Fighting       | 3 |  3.4
Armour         | 4 |  4.4
Axes           | 3 |  3.9
Shields        | 4 |  4.1
Dodging        | |  0.4
Stealth        | |  0.1

Action                   |  1- 3 |  4- 6 || total
-------------------------+-------+-------++-------
Melee: War axe           |    95 |   102 ||   197
  Use: Scroll            |     4 |     5 ||     9
  Eat: Ration            |     1 |     2 ||     3
Armor: Scale mail        |    30 |    27 ||    57
Dodge: Dodged            |    33 |    35 ||    68
Block: Shield            |    45 |    63 ||   108
